Map: 暮色之塔

Players

上善若水

  • Race: Terran Terran
  • League: Diamond

Quail - Winner!

  • Race: Protoss Protoss
  • League: Platinum

VOD

Have the link to the VOD?

Description

Time

  • Played on: Dec. 3, 2015, 10:50 p.m.
  • Length: 13:02
Show
View Real Time Build Order
Export as new Build Order

上善若水 Terran 

Build Orders: Command Center First (CC), MMM Bio 

Get SALT Encoding   

  12  0:01  SCV  
  13  0:13  SCV  
  14  0:19  Supply Depot  
  14  0:25  SCV  
  15  0:40  SCV  
  16  0:53  SCV  
  17  1:04  Command Center  
  17  1:07  SCV  
  18  1:19  Barracks  
  18  1:22  SCV  
  19  1:31  Barracks  
  19  1:36  SCV  
  20  1:47  Barracks  
  20  1:49  SCV  
  21  2:02  SCV  
  22  2:10  Marine  
  22  2:12  Supply Depot  
  22  2:15  Orbital Command  
  23  2:22  Orbital Command  
  23  2:31  Marine x2  
  24  2:43  Refinery  
  24  2:44  Refinery, Marine  
  24  2:46  SCV  
  26  2:52  SCV  
  26  2:57  Engineering Bay, Marine  
  28  2:58  Marine  
  29  3:14  SCV x2  
  31  3:25  Barracks Tech Lab  
  31  3:31  Barracks  
  31  3:32  SCV x2  
  31  3:33  Barracks  
  33  3:34  Refinery  
  33  3:36  Missile Turret  
  33  3:41  Missile Turret  
  33  3:43  Missile Turret  
  33  3:45  SCV x2  
  33  3:47  Combat Shields  
  35  3:51  Barracks Tech Lab  
  35  3:56  Barracks Reactor  
  35  4:04  SCV x2  
  37  4:12  Missile Turret  
  37  4:16  Missile Turret  
  37  4:19  Barracks Reactor  
  37  4:21  Barracks Tech Lab  
  37  4:23  Marauder x2  
  41  4:32  SCV  
  41  4:33  SCV  
  43  4:48  Command Center, Stimpack, Concussive Shells  
  43  4:51  SCV  
  44  4:56  Supply Depot  
  44  5:00  SCV  
  44  5:04  Marine  
  46  5:11  Factory  
  46  5:18  Marauder  
  48  5:21  SCV, Refinery  
  48  5:22  SCV  
  48  5:24  Terran Infantry Weapons Level 1  
  48  5:26  Marauder, Marine  
  53  5:33  Supply Depot, SCV  
  53  5:35  Supply Depot  
  54  5:50  Supply Depot  
  54  5:52  Supply Depot  
  54  5:54  SCV  
  54  5:55  SCV  
  56  6:00  Orbital Command  
  56  6:04  Factory Reactor  
  56  6:06  SCV, Starport  
  56  6:07  SCV  
  58  6:12  Marauder, Marine  
  61  6:18  SCV  
  61  6:19  SCV  
  61  6:20  Marine x2  
  65  6:30  SCV  
  65  6:31  SCV  
  67  6:35  Marine  
  67  6:36  Marauder  
  67  6:37  Missile Turret  
  66  6:47  Orbital Command  
  66  6:54  Missile Turret  
  66  6:57  SCV x2  
  68  7:09  SCV x2, Marauder x2  
  68  7:15  SCV  
  75  7:19  Marauder, Marine x3  
  75  7:21  SCV x2  
  82  7:27  SCV  
  83  7:30  Medivac x2  
  83  7:33  SCV  
  88  7:37  SCV, Supply Depot x2  
  88  7:38  Supply Depot  
  88  7:39  Supply Depot, SCV  
  88  7:42  Terran Infantry Armor Level 1, Barracks  
  88  7:43  Barracks  
  90  7:45  SCV  
  90  7:47  Engineering Bay  
  90  7:49  SCV, Armory, Marauder, Marine x2  
  96  7:51  SCV  
  96  7:56  Missile Turret  
  96  7:58  SCV, Marauder  
  100  7:59  Marine, Marauder  
  100  8:04  Barracks  
  103  8:32  Barracks Tech Lab  
  103  8:33  Barracks Reactor  
  102  8:34  Marine x2  
  102  8:35  Marine x3, Marauder x2  
  110  8:42  Medivac  
  110  8:43  Medivac  
  110  8:45  SCV x3  
  110  8:46  Terran Infantry Weapons Level 2  
  116  8:52  Marine x3  
  119  8:55  Marine  
  119  8:56  Marauder, Marine  
  119  8:57  SCV  
  113  9:26  Marine  
  113  9:27  Marauder x2, Marine x7  
  113  9:28  Marine  
  126  9:31  Refinery  
  126  9:32  Refinery  
  122  9:46  Marine x4, Marauder x2  
  122  9:47  Marine x3  
  122  9:48  Marauder  
  122  9:51  Terran Infantry Armor Level 2  
  133  9:57  SCV x3, Medivac  
  133  9:58  Medivac, Marauder  
  133  9:59  Supply Depot  
  142  10:01  Supply Depot x2  
  142  10:02  Supply Depot  
  142  10:04  Supply Depot, Marine x2  
  144  10:07  Marauder, Marine x3  
  144  10:09  Command Center  
  149  10:21  SCV x2, Marine x2  
  153  10:22  Liberator  
  153  10:23  Liberator  
  153  10:29  SCV, Ghost Academy  
  153  10:33  SCV x2  
  153  10:34  Marauder x3, Marine x4  
  168  10:42  SCV  
  173  10:46  SCV x2  
  173  10:54  SCV  
  172  10:58  SCV  
  173  11:04  Personal Cloaking  
  173  11:07  Ghost  
  173  11:08  Ghost  
  177  11:17  Supply Depot  
  177  11:20  Supply Depot  
  177  11:24  Barracks Reactor  
  177  11:25  Supply Depot, Missile Turret  
  175  11:34  Orbital Command  
  119  11:56  Marine x3  
  119  11:57  Marauder x3  
  96  12:03  Marauder, Marine x3  
  96  12:04  Marine x2  
  73  12:14  Marine x2  
  74  12:18  Marauder, Marine x2  
  74  12:21  Marine x4  
  60  12:32  Marine x2  
  60  12:36  Marauder, Marine  
  65  12:39  Marine x4  
  65  12:43  Marine  
Show
View Real Time Build Order
Export as new Build Order

Quail Protoss - Winner!

Build Orders:  

Get SALT Encoding   

  12  0:01  Probe (Chrono Boost)  
  13  0:11  Probe (Chrono Boost)  
  14  0:18  Pylon  
  14  0:22  Probe (Chrono Boost)  
  15  0:36  Probe (Chrono Boost), Gateway  
  16  0:43  Assimilator  
  16  0:46  Probe (Chrono Boost)  
  18  0:57  Probe (Chrono Boost)  
  18  1:07  Probe (Chrono Boost)  
  19  1:11  Pylon  
  19  1:18  Probe (Chrono Boost)  
  20  1:23  Cybernetics Core  
  20  1:29  Probe (Chrono Boost)  
  22  1:40  Probe (Chrono Boost)  
  22  1:47  Nexus  
  22  1:51  Probe (Chrono Boost)  
  23  1:56  Assimilator  
  23  2:00  Adept  
  25  2:07  Warp Gate  
  25  2:16  Robotics Facility  
  25  2:19  Probe (Chrono Boost)  
  26  2:30  Probe (Chrono Boost)  
  26  2:32  Stalker  
  29  2:40  Probe (Chrono Boost)  
  30  2:46  Pylon  
  31  2:51  Probe (Chrono Boost)  
  31  3:02  Probe (Chrono Boost)  
  31  3:04  Gateway  
  32  3:07  Observer  
  32  3:12  Probe (Chrono Boost)  
  35  3:13  Probe (Chrono Boost)  
  35  3:23  Probe x2 (Chrono Boost)  
  35  3:24  Pylon  
  37  3:32  Mothership Core (Chrono Boost), Observer (Chrono Boost)  
  37  3:33  Probe (Chrono Boost)  
  41  3:35  Stalker  
  43  3:44  Probe  
  44  3:48  Pylon  
  44  3:50  Probe  
  44  3:51  Observer (Chrono Boost)  
  44  3:53  Gateway  
  46  3:57  Probe  
  47  4:05  Probe, Pylon  
  50  4:10  Warp Prism (Chrono Boost)  
  50  4:12  Probe  
  50  4:16  Probe  
  51  4:19  Adept  
  54  4:24  Probe  
  54  4:30  Probe, Adept  
  57  4:34  Assimilator  
  57  4:36  Probe  
  57  4:38  Assimilator  
  59  4:41  Probe  
  60  4:49  Probe  
  60  4:52  Adept  
  63  4:54  Gateway  
  63  4:55  Observer (Chrono Boost)  
  63  4:56  Gateway, Adept  
  66  5:01  Pylon  
  66  5:04  Adept  
  68  5:09  Twilight Council  
  68  5:13  Pylon  
  68  5:28  Adept  
  68  5:29  Adept x2  
  68  5:34  Nexus  
  74  5:36  Pylon  
  74  5:41  Immortal (Chrono Boost)  
  78  5:43  Probe  
  78  5:44  Probe  
  80  5:51  Adept x2  
  80  5:55  Resonating Glaives (Chrono Boost)  
  84  5:59  Pylon  
  84  6:02  Stalker  
  86  6:10  Adept x2  
  90  6:11  Probe  
  90  6:13  Probe  
  90  6:17  Forge  
  92  6:24  Pylon  
  92  6:29  Stalker x2  
  96  6:52  Stalker x3  
  96  6:53  Immortal (Chrono Boost)  
  102  6:57  Robotics Bay  
  106  7:08  Probe x2  
  106  7:09  Probe  
  106  7:14  Stalker x2  
  113  7:18  Protoss Ground Weapons Level 1 (Chrono Boost)  
  113  7:21  Photon Cannon  
  113  7:36  Probe  
  113  7:37  Pylon  
  113  7:38  Probe x2  
  113  7:39  Stalker x2  
  120  7:45  Forge  
  120  7:47  Probe  
  120  7:49  Pylon  
  120  7:50  Probe, Disruptor  
  122  7:58  Blink  
  125  8:08  Stalker x3, Probe  
  125  8:10  Probe x2  
  134  8:13  Pylon  
  134  8:32  Disruptor  
  134  8:41  Stalker x5  
  141  8:43  Probe x2  
  141  8:45  Assimilator  
  141  8:50  Assimilator  
  141  8:52  Photon Cannon  
  141  8:58  Gateway  
  141  8:59  Gateway  
  141  9:01  Gateway  
  141  9:06  Stalker  
  141  9:07  Stalker x3  
  144  9:27  Photon Cannon  
  144  9:30  Pylon  
  144  9:33  Pylon  
  144  9:35  Pylon  
  144  9:39  Pylon  
  144  9:42  Pylon  
  144  9:43  Disruptor  
  142  9:48  Protoss Ground Armor Level 1 (Chrono Boost)  
  145  9:53  Pylon  
  145  9:57  Photon Cannon  
  145  9:59  Pylon  
  145  10:00  Protoss Ground Weapons Level 2 (Chrono Boost)  
  145  10:02  Stalker x4  
  153  10:09  Adept x3  
  159  10:14  Disruptor  
  160  10:25  Robotics Facility  
  160  10:36  Adept x4  
  160  10:37  Adept  
  170  10:45  Disruptor  
  167  11:05  Nexus  
  167  11:09  Pylon  
  167  11:11  Pylon  
  167  11:16  Disruptor  
  167  11:17  Adept  
  167  11:18  Adept x5  
  173  11:19  Adept x2  
  173  11:24  Warp Prism  
  188  11:39  Adept x3  
  194  11:40  Adept x2  
  184  12:01  Stalker x5  
  146  12:02  Stalker  
  140  12:17  Probe x2  
  142  12:37  Adept x2  
  142  12:38  Adept x5  
Tags
 
Add a new tag
Caveats
  • Supply blocks, unpowered buildings, or Contaminate may cause inaccurate times.
  • Supply counts are checked every 10 seconds.